 Dungeon Sprint DCSS version 0.27-a0-972-gd1521fd518 (webtiles) character file.

Game seed: 3607004304575359933

5701 mhtbhm the Earth Mage (level 10, -3/56 HPs)
             Began as a Gargoyle Earth Elementalist on Apr 13, 2021.
             Was the Champion of Vehumet.
             Slain by an orc knight
             ... wielding a +0 war axe
              (21 damage)
             ... in the Dungeon (Sprint VII: "The Pits").
             The game lasted 00:06:56 (1772 turns).

mhtbhm the Earth Mage (Gargoyle Earth Elementalist) Turns: 1772, Time: 00:06:56

Health: -3/56      AC: 10    Str: 17    XL:     10   Next: 76%
Magic:  2/28       EV: 13    Int: 20    God:    Vehumet [******]
Gold:   0          SH:  0    Dex: 10    Spells: 15/37 levels left

rFire    . . .     SeeInvis .   a - +4 quarterstaff (speed)
rCold    . . .     Faith    .   (shield currently unavailable)
rNeg     + . .     Spirit   .   c - +0 robe
rPois    ∞         Reflect  .   (no helmet)
rElec    +         Harm     .   (no cloak)
rCorr    .         Rampage  .   (no gloves)
Will     .....     NoTele   +   q - +0 pair of boots
Stlth    ++........             (no amulet)
HPRegen  0.18/turn              n - +3 ring of strength
MPRegen  0.21/turn              p - +3 ring of strength

@: no status effects
A: AC +7, negative energy resistance 1, electricity resistance, torment
resistance 1, unbreathing 1, petrification resistance
a: Renounce Religion


You were in the Dungeon.
You worshipped Vehumet.
Vehumet was exalted by your worship.
You visited 1 branch

Inventory:

Hand Weapons
 a - a +4 quarterstaff of speed (weapon)
Missiles
 b - 4 stones
Armour
 c - a +0 robe (worn)
 q - a +0 pair of boots (worn)
Jewellery
 n - a +3 ring of strength (left hand)
 p - a +3 ring of strength (right hand)
Scrolls
 i - a scroll of blinking
 j - 5 scrolls of amnesia
 l - 2 scrolls of vulnerability
Potions
 d - 10 potions of curing
 e - 7 potions of heal wounds
 f - a potion of haste
 g - 3 potions of magic
 h - 2 potions of berserk rage
 m - a potion of invisibility
 o - 2 potions of brilliance
 r - a potion of ambrosia {unknown}


   Skills:
 + Level 3.3 Fighting
 + Level 7.7 Staves
 + Level 5.4 Dodging
 - Level 2.1 Stealth
 + Level 14.2 Spellcasting
 + Level 1.0 Conjurations
 + Level 1.6 Transmutations
 + Level 18.5 Earth Magic


You had 15 spell levels left.
You knew the following spells:

 Your Spells              Type           Power      Damage    Failure   Level
a - Sandblast             Erth           100%       2d20      0%          1
b - Passwall              Tmut/Erth      44%        N/A       1%          2
c - Stone Arrow           Conj/Erth      100%       3d13      1%          3
d - Lee's Rapid Deconstr  Erth           36%        3d19*     1%          5
e - Petrify               Tmut/Erth      53%        N/A       1%          4
f - Ozocubu's Refrigerat  Ice            7%         4d6       100%        7

Your spell library contained the following spells:

 Spells                   Type           Power      Damage    Failure   Level
 Lightning Bolt           Conj/Air       8%         1d20      24%         5


Dungeon Overview and Level Annotations

Branches:
Dungeon (1/1)

Altars:
Ashenzari
Cheibriados
Dithmenos
Elyvilon
Fedhas
Gozag
Hepliaklqana
Kikubaaqudgha
Makhleb
Nemelex Xobeh
Okawaru
Qazlal
Ru
Sif Muna
Trog
Uskayaw
Vehumet
Wu Jian
Xom
Yredelemnul
Zin
The Shining One
Beogh
Jiyva
Lugonu


Innate Abilities, Weirdness & Mutations

Your stone body is resilient. (AC +7)
You are immune to poison.
You resist negative energy. (rN+)
You are resistant to electric shocks. (rElec)
You are resistant to unholy torment.
You can survive without breathing.
You are immune to petrification.


Message History

Confirm with . or Enter, or press ? or * to list all spells.
Aiming: Sandblast (safe; 0% risk of failure)
Press: ? - help, Shift-Dir - straight line, f/p - orc knight
Aim: an orc knight, wielding a +0 war axe and wearing a +0 plate armour (severely wounded, 16% to evade)
The blast of sand hits the orc knight but does no damage.
The orc knight is severely wounded.
Unknown command.
Casting: Sandblast (safe; 0% risk of failure)
Confirm with . or Enter, or press ? or * to list all spells.
Aiming: Sandblast (safe; 0% risk of failure)
Press: ? - help, Shift-Dir - straight line, f/p - orc knight
Aim: an orc knight, wielding a +0 war axe and wearing a +0 plate armour (severely wounded, 16% to evade)
The blast of sand hits the orc knight but does no damage.
The orc knight is severely wounded.
Unknown command.
Casting: Sandblast (safe; 0% risk of failure)
Confirm with . or Enter, or press ? or * to list all spells.
Aiming: Sandblast (safe; 0% risk of failure)
Press: ? - help, Shift-Dir - straight line, f/p - orc knight
Aim: an orc knight, wielding a +0 war axe and wearing a +0 plate armour (severely wounded, 16% to evade)
The blast of sand hits the orc knight but does no damage.
The orc knight is severely wounded.
The orc knight hits you with a +0 war axe!
Casting: Sandblast (safe; 0% risk of failure)
Confirm with . or Enter, or press ? or * to list all spells.
Aiming: Sandblast (safe; 0% risk of failure)
Press: ? - help, Shift-Dir - straight line, f/p - orc knight
Aim: an orc knight, wielding a +0 war axe and wearing a +0 plate armour (severely wounded, 16% to evade)
The blast of sand hits the orc knight.
The orc knight is severely wounded.
The orc knight hits you with a +0 war axe!
Casting: Sandblast (safe; 0% risk of failure)
Confirm with . or Enter, or press ? or * to list all spells.
Aiming: Sandblast (safe; 0% risk of failure)
Press: ? - help, Shift-Dir - straight line, f/p - orc knight
Aim: an orc knight, wielding a +0 war axe and wearing a +0 plate armour (severely wounded, 16% to evade)
The blast of sand hits the orc knight.
The orc knight is severely wounded.
The orc knight hits you with a +0 war axe!!
You die...

#....o......'.....
#'#####)#####.....
#.#.....#[[##.....
#.#.....#))#####'#
#)###'###))##.....
#.#...÷.#))##.....
#.#.....#..##.....
#o####'##'###...<.
#@#........##.....
#.#........##.....
#'###########.....
#..#.#.##.)#######
#.......#.########
##.#.#.##)#....#..
#.......#'#....#..
##.#.#.##.'†...'..
#.......#)#....#..


You could see an orc knight.

Vanquished Creatures
  Harold (D)
  An orc knight (D)
  An efreet (D)
  A komodo dragon (D)
  A guardian mummy (D)
  A hellwing (D)
  2 polar bears (D)
  2 hornets (D)
  A tyrant leech (D)
  A redback (D)
  2 spriggans (D)
  Eustachio (D)
  3 vampire mosquitoes (D)
  Edmund (D)
  A floating eye (D)
  3 orc warriors (D)
  A necrophage (D)
  A sky beast (D)
  A bullfrog (D)
  A gnoll sergeant (D)
  2 scorpions (D)
  An orc wizard (D)
  2 gnolls (D)
  An adder (D)
  A river rat (D)
  An ufetubus (D)
  7 orcs (D)
  2 endoplasms (D)
  A giant cockroach (D)
  2 jackals (D)
  3 kobolds (D)
  2 quokkas (D)
  A ball python (D)
  A frilled lizard (D)
  A rat (D)
55 creatures vanquished.

Vanquished Creatures (collateral kills)
  A hellwing (D)
1 creature vanquished.

Grand Total: 56 creatures vanquished

Notes
Turn   | Place    | Note
-------+----------+-------------------------------------------
     0 | D        | mhtbhm the Gargoyle Earth Elementalist began the quest for
                  | the Orb.
     0 | D        | Reached XP level 1. HP: 10/10 MP: 3/3
    12 | D        | Reached skill level 4 in Earth Magic
    94 | D        | Found a bloodstained altar of Trog.
    94 | D        | Found a shimmering blue altar of Sif Muna.
    94 | D        | Found a viscous altar of Jiyva.
    94 | D        | Found a hazy altar of Hepliaklqana.
    94 | D        | Found an opulent altar of Gozag.
    95 | D        | Found a glowing golden altar of the Shining One.
    95 | D        | Found a glowing silver altar of Zin.
    95 | D        | Found a basalt altar of Yredelemnul.
    95 | D        | Found a shimmering altar of Xom.
    95 | D        | Found an ornate altar of the Wu Jian Council.
    95 | D        | Found a sacrificial altar of Ru.
    95 | D        | Found a stormy altar of Qazlal.
    95 | D        | Found an iron altar of Okawaru.
    95 | D        | Found a sparkling altar of Nemelex Xobeh.
    95 | D        | Found a burning altar of Makhleb.
    95 | D        | Found a blossoming altar of Fedhas.
    95 | D        | Found a white marble altar of Elyvilon.
    95 | D        | Found a shadowy altar of Dithmenos.
    95 | D        | Found a snail-covered altar of Cheibriados.
    97 | D        | Found a radiant altar of Vehumet.
    97 | D        | Found a corrupted altar of Lugonu.
    98 | D        | Found a hide-covered altar of Uskayaw.
    98 | D        | Found an ancient bone altar of Kikubaaqudgha.
    98 | D        | Found a broken altar of Ashenzari.
   105 | D        | Became a worshipper of Vehumet
   169 | D        | Noticed a floating eye
   172 | D        | Reached skill level 5 in Earth Magic
   172 | D        | Reached XP level 2. HP: 15/15 MP: 2/5
   173 | D        | Killed a floating eye
   174 | D        | Reached skill level 1 in Transmutations
   174 | D        | Reached skill level 9 in Earth Magic
   174 | D        | Reached XP level 3. HP: 19/19 MP: 2/9
   174 | D        | Reached XP level 4. HP: 24/24 MP: 2/10
   177 | D        | Learned a level 2 spell: Passwall
   181 | D        | Learned a level 3 spell: Stone Arrow
   243 | D        | Reached * piety under Vehumet
   243 | D        | Offered knowledge of Freeze by Vehumet.
   244 | D        | Reached XP level 5. HP: 28/28 MP: 9/11
   251 | D        | Learned a level 5 spell: Lee's Rapid Deconstruction
   381 | D        | Reached ** piety under Vehumet
   382 | D        | Reached skill level 1 in Staves
   382 | D        | Reached skill level 5 in Spellcasting
   382 | D        | Reached skill level 10 in Earth Magic
   400 | D        | Offered knowledge of Magic Dart by Vehumet.
   507 | D        | Noticed a sky beast
   515 | D        | Killed a sky beast
   515 | D        | Reached *** piety under Vehumet
   516 | D        | Reached skill level 11 in Earth Magic
   516 | D        | Reached XP level 6. HP: 32/32 MP: 3/15
   547 | D        | Offered knowledge of Ignite Poison by Vehumet.
   554 | D        | Learned a level 4 spell: Petrify
   604 | D        | Noticed a necrophage
   632 | D        | Killed a necrophage
   633 | D        | Reached skill level 12 in Earth Magic
   642 | D        | Reached skill level 1 in Fighting
   642 | D        | Reached XP level 7. HP: 13/38 MP: 14/17
   674 | D        | Reached **** piety under Vehumet
   871 | D        | Offered knowledge of Fulminant Prism by Vehumet.
   873 | D        | Noticed an efreet
   875 | D        | Killed an efreet
   876 | D        | Reached skill level 5 in Staves
   876 | D        | Reached skill level 13 in Earth Magic
  1002 | D        | Reached ***** piety under Vehumet
  1039 | D        | Noticed Edmund
  1039 | D        | Noticed a vampire mosquito
  1039 | D        | Noticed a vampire mosquito
  1039 | D        | Noticed a vampire mosquito
  1042 | D        | Killed a vampire mosquito
  1042 | D        | Offered knowledge of Bolt of Magma by Vehumet.
  1043 | D        | Reached XP level 8. HP: 44/44 MP: 11/20
  1044 | D        | Reached skill level 14 in Earth Magic
  1045 | D        | Killed Edmund
  1267 | D        | Offered knowledge of Iskenderun's Battlesphere by Vehumet.
  1267 | D        | Noticed Eustachio
  1269 | D        | Noticed a tyrant leech
  1283 | D        | Killed a tyrant leech
  1284 | D        | Reached skill level 1 in Conjurations
  1291 | D        | Killed Eustachio
  1292 | D        | Reached skill level 10 in Spellcasting
  1292 | D        | Reached skill level 15 in Earth Magic
  1398 | D        | Noticed Harold
  1398 | D        | Noticed a komodo dragon
  1398 | D        | Noticed a polar bear
  1398 | D        | Noticed a guardian mummy
  1404 | D        | Killed a komodo dragon
  1405 | D        | Reached XP level 9. HP: 49/49 MP: 15/23
  1406 | D        | Killed a guardian mummy
  1406 | D        | Reached ****** piety under Vehumet
  1412 | D        | Killed Harold
  1413 | D        | Reached skill level 16 in Earth Magic
  1437 | D        | Killed a polar bear
  1437 | D        | Offered knowledge of Ozocubu's Refrigeration by Vehumet.
  1438 | D        | Reached skill level 17 in Earth Magic
  1599 | D        | Learned a level 7 spell: Ozocubu's Refrigeration
  1611 | D        | Noticed a polar bear
  1612 | D        | Noticed a hellwing
  1612 | D        | Noticed a hornet
  1617 | D        | Noticed a spriggan rider
  1618 | D        | Killed a polar bear
  1619 | D        | Reached XP level 10. HP: 52/54 MP: 15/26
  1619 | D        | Killed a spriggan rider
  1620 | D        | Reached skill level 18 in Earth Magic
  1660 | D        | Offered knowledge of Lightning Bolt by Vehumet.
  1664 | D        | Noticed an orc knight
  1667 | D        | Noticed an orc knight
  1685 | D        | Killed an orc knight
  1686 | D        | Reached skill level 5 in Dodging
  1772 | D        | Slain by an orc knight

Illustrated notes

Levels and vault maps discovered:
D:        pitsprint [storerooms_1, entrance_room_1, metal_vault_3, armoury_2,
          mini_pit_1, grid_room_1, main_hall_1, silver_pit, the_coven_1,
          the_vestibule_1, steel_vault_5, golden_pit, hallway_of_sentries,
          crystal_vault_3, iron_vault_4, final_vault]

Skill      XL: |  1  2  3  4  5  6  7  8  9 10 |
---------------+-------------------------------+-----
Earth Magic    | 5 9 11 12 13 15 17 18 | 18.5
Dodging        | 2 3 4 5 |  5.4
Spellcasting   | 4 6 7 8 10 12 14 | 14.2
Transmutations | 1 |  1.6
Staves         | 1 3 6 7 |  7.7
Fighting       | 1 2 3 |  3.3
Conjurations   | 1 |  1.0
Stealth        | |  2.1

Action                   |  1- 3 |  4- 6 |  7- 9 | 10-12 || total
-------------------------+-------+-------+-------+-------++-------
Melee: Quarterstaff      |     2 |    35 |     2 |    29 ||    68
 Cast: Sandblast         |     3 |     4 |    11 |    19 ||    37
       Lee's Rapid Decon |       |     4 |    21 |    13 ||    38
       Stone Arrow       |       |       |     3 |     1 ||     4
       Petrify           |       |       |       |     1 ||     1
  Use: Potion            |       |       |       |     6 ||     6
       Scroll            |       |       |       |     1 ||     1
 Stab: Invisible         |       |       |       |     1 ||     1
Armor: Robe              |     1 |    15 |     8 |    19 ||    43
Dodge: Dodged            |     1 |    22 |    11 |    52 ||    86

Table legend: (Time is in decaauts)
 A = Elapsed time spent in this place.
 B = Non-inter-level travel time spent in this place.
 C = Inter-level travel time spent in this place.
 D = Time resting spent in this place.
 E = Time spent auto-exploring this place.
 F = Levels seen in this place.
 G = Mean time per level.
                   A        B        C        D        E       F      G
               +--------+--------+--------+--------+--------+-----+--------+
         Total |   1774 |   1774 |      0 |   1093 |     83 |   1 | 1774.0 |
       Dungeon |   1774 |   1774 |      0 |   1093 |     83 |   1 | 1774.0 |
               +--------+--------+--------+--------+--------+-----+--------+

Top non-repeatable levels by time:
       D: 1774 daAuts
